TOP OF THE 1ST |
Beloit Snappers batting - Pitching for Bowling Green Hot Rods : RHP Jose Robles
|
Pitching: RHP Jose Robles
|
|
Batting: RHB Dan Boylan
|
0-0: Called Strike 0-1: Swinging Strike 0-2: Strikes out looking
|
Batting: RHB Danny Heikkila
|
0-0: Ball 1-0: Swinging Strike 1-1: Ball 2-1: Called Strike 2-2: Ball 3-2: SINGLE (Groundball, 56D, EV 95.6 MPH)
|
Batting: LHB Chance Stever
|
0-0: Ball Pickoff Throw to First - Error! E1 Danny Heikkila to second 1-0: Ball 2-0: Fly out, F9 (Flyball, 89M, EV 83.1 MPH) Runner from 2nd tags up, OUT at 3rd! 9-5
|
Top of the 1st over - 0 runs, 1 hit, 1 error, 0 left on base; Beloit 0 - Bowling Green 0 |
BOTTOM OF THE 1ST |
Bowling Green Hot Rods batting - Pitching for Beloit Snappers : LHP Shane Stratton
|
Pitching: LHP Shane Stratton
|
|
Batting: LHB Mark Marvin
|
0-0: Called Strike 0-1: Called Strike 0-2: Foul Ball, location: 2F 0-2: Ball 1-2: Foul Ball, location: 2F 1-2: SINGLE (Groundball, 4MD, EV 103.1 MPH)
|
Batting: SHB Wayne Hattan
|
0-0: Called Strike 0-1: Ball Mark Marvin is caught stealing 2nd base 2-4 1-1: Called Strike 1-2: Ground out 5-3 (Groundball, 25, EV 85.0 MPH)
|
Batting: RHB David Ward
|
0-0: Ball 1-0: Ball 2-0: Called Strike 2-1: SINGLE (Flyball, 4MD, EV 88.1 MPH)
|
Batting: RHB Jonathan Fraire
|
0-0: Ball 1-0: Called Strike 1-1: Ground out 4-3 (Groundball, 34, EV 86.9 MPH)
|
Bottom of the 1st over - 0 runs, 2 hits, 0 errors, 1 left on base; Beloit 0 - Bowling Green 0 |
TOP OF THE 2ND |
Beloit Snappers batting - Pitching for Bowling Green Hot Rods : RHP Jose Robles
|
Batting: RHB Jonathan Gallup
|
0-0: Called Strike 0-1: Called Strike 0-2: Strikes out looking
|
Batting: SHB John Cummings
|
0-0: Called Strike 0-1: Called Strike 0-2: Ball 1-2: Fly out, F6 (Popup, 6M, EV 61.2 MPH)
|
Batting: LHB Juan Villafana
|
0-0: Called Strike 0-1: Ball 1-1: Swinging Strike 1-2: Foul Ball, location: 2F 1-2: Ball 2-2: Foul Ball, location: 2F 2-2: SINGLE (Line Drive, 78M, EV 101.9 MPH)
|
Batting: RHB Edgar Landim
|
0-0: Ball 1-0: Ground out 1-3 (Groundball, 34S, EV 66.9 MPH)
|
Top of the 2nd over - 0 runs, 1 hit, 0 errors, 1 left on base; Beloit 0 - Bowling Green 0 |
BOTTOM OF THE 2ND |
Bowling Green Hot Rods batting - Pitching for Beloit Snappers : LHP Shane Stratton
|
Batting: SHB Lou Kroneman
|
0-0: Ground out 6-3 (Groundball, 6D, EV 102.5 MPH)
|
Batting: RHB Freddy Mullen
|
0-0: Ball 1-0: Ground out U3 (Groundball, 34, EV 99.4 MPH)
|
Batting: SHB Julio Hernandez
|
0-0: Ball 1-0: Ground out 6-3 (Groundball, 6, EV 82.5 MPH)
|
Bottom of the 2nd over - 0 runs, 0 hits, 0 errors, 0 left on base; Beloit 0 - Bowling Green 0 |
TOP OF THE 3RD |
Beloit Snappers batting - Pitching for Bowling Green Hot Rods : RHP Jose Robles
|
Batting: LHB Jonathan McDaniel
|
0-0: Ball 1-0: Fly out, F9 (Flyball, 89S, EV 91.2 MPH)
|
Batting: RHB Manny Moron
|
0-0: Fly out, F9 (Flyball, 9S, EV 90.0 MPH)
|
Batting: RHB Dan Boylan
|
0-0: Called Strike 0-1: Foul Ball, location: 2F 0-2: Foul Ball, location: 2F 0-2: Ball 1-2: Fly out, F8 (Line Drive, 8LD, EV 91.2 MPH)
|
Top of the 3rd over - 0 runs, 0 hits, 0 errors, 0 left on base; Beloit 0 - Bowling Green 0 |
BOTTOM OF THE 3RD |
Bowling Green Hot Rods batting - Pitching for Beloit Snappers : LHP Shane Stratton
|
Batting: LHB Dan Hunt
|
0-0: Ground out 5-3 (Groundball, 56, EV 88.1 MPH)
|
Batting: RHB Chris Glavin
|
0-0: Called Strike 0-1: Foul Ball, location: 2F 0-2: SINGLE (Groundball, 6MD, EV 105.6 MPH)
|
Batting: LHB Mark Marvin
|
0-0: Ball 1-0: Ball 2-0: Called Strike 2-1: Foul Ball, location: 2F 2-2: Foul Ball, location: 2F 2-2: Foul Ball, location: 2F 2-2: Fly out, F7 (Line Drive, 7D, EV 95.0 MPH)
|
Batting: SHB Wayne Hattan
|
0-0: Ball 1-0: Ball 2-0: Fly out, F7 (Flyball, 78D, EV 106.9 MPH)
|
Bottom of the 3rd over - 0 runs, 1 hit, 0 errors, 1 left on base; Beloit 0 - Bowling Green 0 |
TOP OF THE 4TH |
Beloit Snappers batting - Pitching for Bowling Green Hot Rods : RHP Jose Robles
|
Batting: RHB Danny Heikkila
|
0-0: Swinging Strike 0-1: Foul Ball, location: 2F 0-2: Strikes out swinging
|
Batting: LHB Chance Stever
|
0-0: Swinging Strike 0-1: Foul Ball, location: 2F 0-2: Fly out, F9 (Flyball, 9D, EV 93.8 MPH)
|
Batting: RHB Jonathan Gallup
|
0-0: Foul Ball, location: 2F 0-1: Called Strike 0-2: Ball 1-2: SINGLE (Line Drive, 7S, EV 91.9 MPH)
|
Batting: SHB John Cummings
|
0-0: Called Strike 0-1: Ball 1-1: Ground out 5-3 (Groundball, 56S, EV 86.9 MPH)
|
Top of the 4th over - 0 runs, 1 hit, 0 errors, 1 left on base; Beloit 0 - Bowling Green 0 |
BOTTOM OF THE 4TH |
Bowling Green Hot Rods batting - Pitching for Beloit Snappers : LHP Shane Stratton
|
Batting: RHB David Ward
|
0-0: Called Strike 0-1: Foul Ball, location: 2F 0-2: Ball 1-2: Ball 2-2: Foul Ball, location: 2F 2-2: Foul Ball, location: 2F 2-2: Ball 3-2: Foul Ball, location: 2F 3-2: Foul Ball, location: 2F 3-2: Fly out, F2 (Popup, 23F, EV 83.1 MPH)
|
Batting: RHB Jonathan Fraire
|
0-0: Ball 1-0: Swinging Strike 1-1: Ball 2-1: Foul Ball, location: 2F 2-2: Foul Ball, location: 2F 2-2: Foul Ball, location: 2F 2-2: Foul Ball, location: 2F 2-2: Ball 3-2: Ground out 6-3 (Groundball, 6MD, EV 100.6 MPH)
|
Batting: SHB Lou Kroneman
|
0-0: Called Strike 0-1: Ball 1-1: Foul Ball, location: 2F 1-2: Fly out, F9 (Line Drive, 9, EV 106.2 MPH)
|
Bottom of the 4th over - 0 runs, 0 hits, 0 errors, 0 left on base; Beloit 0 - Bowling Green 0 |
TOP OF THE 5TH |
Beloit Snappers batting - Pitching for Bowling Green Hot Rods : RHP Jose Robles
|
Batting: LHB Juan Villafana
|
0-0: Foul Ball, location: 2F 0-1: Ball 1-1: Called Strike 1-2: Ground out U3 (Groundball, 34, EV 114.4 MPH)
|
Batting: RHB Edgar Landim
|
0-0: Hit by Pitch
|
Batting: LHB Jonathan McDaniel
|
0-0: Ball 1-0: Fielders Choice at 2nd, 4-6 (Groundball, 4, EV 86.2 MPH)
|
Batting: RHB Manny Moron
|
0-0: Called Strike 0-1: Foul Ball, location: 2F 0-2: Strikes out swinging
|
Top of the 5th over - 0 runs, 0 hits, 0 errors, 1 left on base; Beloit 0 - Bowling Green 0 |
BOTTOM OF THE 5TH |
Bowling Green Hot Rods batting - Pitching for Beloit Snappers : LHP Shane Stratton
|
Batting: RHB Freddy Mullen
|
0-0: Ball 1-0: Ball 2-0: Ball 3-0: Called Strike 3-1: Swinging Strike 3-2: Base on Balls
|
Batting: SHB Julio Hernandez
|
0-0: Called Strike 0-1: Ground out 5-3 (Groundball, 56, EV 104.4 MPH) Freddy Mullen to second
|
Batting: LHB Dan Hunt
|
0-0: Ball 1-0: Ball 2-0: Ball 3-0: Called Strike 3-1: Foul Ball, location: 2F 3-2: Foul Ball, location: 2F 3-2: Strikes out swinging
|
Batting: RHB Chris Glavin
|
0-0: Ball 1-0: Called Strike 1-1: Called Strike 1-2: Strikes out swinging
|
Bottom of the 5th over - 0 runs, 0 hits, 0 errors, 1 left on base; Beloit 0 - Bowling Green 0 |
TOP OF THE 6TH |
Beloit Snappers batting - Pitching for Bowling Green Hot Rods : RHP Jose Robles
|
Batting: RHB Dan Boylan
|
0-0: Ball 1-0: Fly out, F8 (Flyball, 8LM, EV 91.2 MPH)
|
Batting: RHB Danny Heikkila
|
0-0: Called Strike 0-1: Fly out, F9 (Flyball, 9, EV 85.0 MPH)
|
Batting: LHB Chance Stever
|
0-0: Ball 1-0: Foul Ball, location: 2F 1-1: Ball 2-1: Ground out 3-1 (Groundball, 34, EV 87.5 MPH)
|
Top of the 6th over - 0 runs, 0 hits, 0 errors, 0 left on base; Beloit 0 - Bowling Green 0 |
BOTTOM OF THE 6TH |
Bowling Green Hot Rods batting - Pitching for Beloit Snappers : LHP Shane Stratton
|
Batting: LHB Mark Marvin
|
0-0: SINGLE (Groundball, 34D, EV 85.6 MPH) (infield hit)
|
Batting: SHB Wayne Hattan
|
0-0: Ball 1-0: Grounds into double play, 5-4-3 (Groundball, 56, EV 106.9 MPH)
|
Batting: RHB David Ward
|
0-0: Swinging Strike 0-1: Fly out, F8 (Flyball, 78D, EV 103.8 MPH)
|
Bottom of the 6th over - 0 runs, 1 hit, 0 errors, 0 left on base; Beloit 0 - Bowling Green 0 |
TOP OF THE 7TH |
Beloit Snappers batting - Pitching for Bowling Green Hot Rods : RHP Jose Robles
|
Batting: RHB Jonathan Gallup
|
0-0: Called Strike 0-1: Ball 1-1: Foul Ball, location: 2F 1-2: Ball 2-2: Fly out, F7 (Flyball, 78M, EV 85.6 MPH)
|
Batting: SHB John Cummings
|
0-0: Fly out, F8 (Line Drive, 8RD, EV 92.5 MPH)
|
Batting: LHB Juan Villafana
|
0-0: SINGLE (Flyball, 78S, EV 98.8 MPH)
|
Batting: RHB Edgar Landim
|
0-0: Called Strike 0-1: Called Strike 0-2: Fly out, F7 (Flyball, 7, EV 80.0 MPH)
|
Top of the 7th over - 0 runs, 1 hit, 0 errors, 1 left on base; Beloit 0 - Bowling Green 0 |
BOTTOM OF THE 7TH |
Bowling Green Hot Rods batting - Pitching for Beloit Snappers : LHP Shane Stratton
|
Pitching: RHP Ari Kuusinen
|
|
Batting: RHB Jonathan Fraire
|
0-0: Foul Ball, location: 2F 0-1: Foul Ball, location: 2F 0-2: Foul Ball, location: 2F 0-2: Fly out, F4 (Flyball, 4MD, EV 97.5 MPH)
|
Batting: SHB Lou Kroneman
|
0-0: Ground out 4-3 (Groundball, 34D, EV 81.9 MPH)
|
Batting: RHB Freddy Mullen
|
0-0: Foul Ball, location: 2F 0-1: Swinging Strike 0-2: Ground out 6-3 (Groundball, 6, EV 91.2 MPH)
|
Bottom of the 7th over - 0 runs, 0 hits, 0 errors, 0 left on base; Beloit 0 - Bowling Green 0 |
TOP OF THE 8TH |
Beloit Snappers batting - Pitching for Bowling Green Hot Rods : RHP Jose Robles
|
Batting: LHB Jonathan McDaniel
|
0-0: Called Strike 0-1: Foul Ball, location: 2F 0-2: Foul Ball, location: 2F 0-2: Foul Ball, location: 2F 0-2: SINGLE (Groundball, 4MD, EV 93.8 MPH)
|
Batting: RHB Manny Moron
|
0-0: Bunted foul 0-1: Sac Bunt to 2L - play at first, batter OUT! 2-4 Jonathan McDaniel to second
|
Batting: RHB Dan Boylan
|
0-0: Ball 1-0: Called Strike 1-1: Called Strike 1-2: SINGLE (Groundball, 6M, EV 103.8 MPH) (infield hit) Jonathan McDaniel to third
|
Batting: RHB Danny Heikkila
|
0-0: Swinging Strike 0-1: Ball 1-1: SINGLE (Groundball, 34D, EV 101.2 MPH) Jonathan McDaniel scores Dan Boylan to second Runner from 2nd tries for 3rd, SAFE, throw by RF made to third
|
Batting: LHB Chance Stever
|
0-0: Ball 1-0: Called Strike 1-1: Ball 2-1: Called Strike 2-2: Foul Ball, location: 2F 2-2: Grounds into double play, 6-4-3 (Groundball, 6, EV 103.1 MPH)
|
Top of the 8th over - 1 run, 3 hits, 0 errors, 1 left on base; Beloit 1 - Bowling Green 0 |
BOTTOM OF THE 8TH |
Bowling Green Hot Rods batting - Pitching for Beloit Snappers : RHP Ari Kuusinen
|
Batting: SHB Julio Hernandez
|
0-0: Ground out 4-3 (Groundball, 4, EV 80.6 MPH)
|
Batting: LHB Dan Hunt
|
0-0: Called Strike 0-1: Swinging Strike 0-2: Ball 1-2: Foul Ball, location: 2F 1-2: Fly out, F6 (Popup, P, EV 81.2 MPH)
|
Pinch Hitting: RHB Azedine Kirui
|
0-0: Called Strike 0-1: Foul Ball, location: 2F 0-2: Foul Ball, location: 2F 0-2: Ground out 4-3 (Groundball, 34, EV 86.9 MPH)
|
Bottom of the 8th over - 0 runs, 0 hits, 0 errors, 0 left on base; Beloit 1 - Bowling Green 0 |
TOP OF THE 9TH |
Beloit Snappers batting - Pitching for Bowling Green Hot Rods : RHP Jose Robles
|
Now at SS: Mark Richert
|
|
Batting: RHB Jonathan Gallup
|
0-0: Called Strike 0-1: Swinging Strike 0-2: Ball 1-2: Ball 2-2: Fly out, F8 (Flyball, 8LD, EV 95.6 MPH)
|
Batting: SHB John Cummings
|
0-0: Ball 1-0: Ball 2-0: Called Strike 2-1: Ball 3-1: Base on Balls
|
Pitching: LHP Bennett Mele
|
|
Batting: LHB Juan Villafana
|
0-0: Ball 1-0: Fly out, F8 (Flyball, 8LM, EV 89.4 MPH)
|
Pitching: LHP Brian Kelly
|
|
Batting: RHB Edgar Landim
|
0-0: Ball 1-0: Ball 2-0: Foul Ball, location: 2F 2-1: Fly out, F9 (Flyball, 9LD, EV 109.4 MPH)
|
Top of the 9th over - 0 runs, 0 hits, 0 errors, 1 left on base; Beloit 1 - Bowling Green 0 |
BOTTOM OF THE 9TH |
Bowling Green Hot Rods batting - Pitching for Beloit Snappers : RHP Ari Kuusinen
|
Pitching: RHP Mike Bowling
|
|
Now at 1B: Kyle Waters
|
|
Batting: LHB Mark Marvin
|
0-0: Foul Ball, location: 2F 0-1: DOUBLE (Line Drive, 5D, EV 99.4 MPH)
|
Batting: SHB Wayne Hattan
|
0-0: Ball 1-0: Called Strike 1-1: Foul Ball, location: 2F 1-2: Strikes out looking
|
Batting: RHB David Ward
|
0-0: Called Strike 0-1: Ball 1-1: Ball 2-1: Foul Ball, location: 2F 2-2: Fly out, F8 (Flyball, 78D, EV 103.1 MPH) Runner from 2nd tags up, SAFE at 3rd with throw by CF
|
Batting: RHB Jonathan Fraire
|
0-0: Ball 1-0: Foul Ball, location: 2F 1-1: SINGLE (Groundball, 34S, EV 66.9 MPH) (infield hit) Mark Marvin scores
|
Batting: SHB Lou Kroneman
|
0-0: Called Strike Jonathan Fraire steals 2nd, throwing error, E2 Jonathan Fraire to third 0-1: Ball 1-1: Intentional Walk
|
Batting: RHB Freddy Mullen
|
0-0: Ball 1-0: Ball 2-0: Called Strike 2-1: Fly out, F7 (Flyball, 7D, EV 83.8 MPH)
|
Bottom of the 9th over - 1 run, 2 hits, 1 error, 2 left on base; Beloit 1 - Bowling Green 1 |
TOP OF THE 10TH |
Beloit Snappers batting - Pitching for Bowling Green Hot Rods : LHP Brian Kelly
|
Pitching: RHP Al Speer
|
|
Batting: LHB Jonathan McDaniel
|
0-0: Foul Ball, location: 2F 0-1: Ball 1-1: Ball 2-1: Foul Ball, location: 2F 2-2: Ball 3-2: SOLO HOME RUN (Flyball, 9D, EV 92.5 MPH), Distance : 367 ft
|
Batting: RHB Manny Moron
|
0-0: Ball 1-0: Ball 2-0: Called Strike 2-1: Foul Ball, location: 2F 2-2: Fly out, F4 (Popup, 4S, EV 79.4 MPH)
|
Batting: RHB Dan Boylan
|
0-0: Swinging Strike 0-1: Called Strike 0-2: Foul Ball, location: 2F 0-2: Foul Ball, location: 2F 0-2: Ball 1-2: Strikes out looking
|
Batting: RHB Danny Heikkila
|
0-0: Called Strike 0-1: Ball 1-1: Ground out 5-3 (Groundball, 56, EV 101.2 MPH)
|
Top of the 10th over - 1 run, 1 hit, 0 errors, 0 left on base; Beloit 2 - Bowling Green 1 |
BOTTOM OF THE 10TH |
Bowling Green Hot Rods batting - Pitching for Beloit Snappers : RHP Mike Bowling
|
Pitching: RHP Rafael Pacheco
|
|
Batting: SHB Julio Hernandez
|
0-0: Ball 1-0: Ball 2-0: Foul Ball, location: 2F 2-1: Foul Ball, location: 2F 2-2: Ball 3-2: Strikes out swinging
|
Batting: LHB Dan Hunt
|
0-0: Ball 1-0: Ball 2-0: Called Strike 2-1: Foul Ball, location: 2F 2-2: Strikes out swinging
|
Pinch Hitting: LHB Jeremy Burton
|
0-0: Ball 1-0: Fly out, F8 (Flyball, 8RM, EV 93.8 MPH)
|
Bottom of the 10th over - 0 runs, 0 hits, 0 errors, 0 left on base; Beloit 2 - Bowling Green 1 |
|